 Dungeon Crawl Stone Soup version 0.21-a0-203-gb066a6e (webtiles) character file.

17301 Helio the Unseen (level 12, -1/60 HPs)
             Began as a Spriggan Enchanter on Aug 19, 2017.
             Was a High Priest of Dithmenos.
             Killed from afar by Azrael (22 damage)
             ... with damnation
             ... on level 13 of the Dungeon.
             The game lasted 00:40:42 (16174 turns).

Helio the Unseen (Spriggan Enchanter)              Turns: 16174, Time: 00:40:43

Health: -1/60      AC:  7    Str:  7    XL:     12   Next: 17%
Magic:  20/26      EV: 25    Int: 21    God:    Dithmenos [*****.]
Gold:   429        SH:  0    Dex: 17    Spells: 14/30 levels left

rFire    + . .     SeeInvis +   J - +2 rapier (elec)
rCold    . . .     Gourm    .   (shield restricted)
rNeg     . . .     Faith    .   K - +2 robe {rF+}
rPois    +         Spirit   .   (helmet restricted)
rElec    .         Reflect  .   M - +2 cloak {+Inv}
rCorr    .         Harm     .   (gloves unavailable)
MR       ++...                  (boots unavailable)
Stlth    +++++++++.             p - amulet of regeneration
HPRegen  0.60/turn              y - +3 ring of intelligence
MPRegen  0.20/turn              N - ring of poison resistance

@: about to teleport, very slightly contaminated, wreathed by umbra, very quick
A: unfitting armour, see invisible, herbivore 3, speed 3, slow metabolism 2
a: Shadow Step, Shadow Form, Renounce Religion, Evoke Invisibility


You were on level 13 of the Dungeon.
You worshipped Dithmenos.
Dithmenos was extremely pleased with you.
You were not hungry.

You visited 2 branches of the dungeon, and saw 14 of its levels.
You also visited: Ossuary.

You collected 730 gold pieces.
You spent 301 gold pieces at shops.

Inventory:

Hand Weapons
 a - a +2 dagger
 j - a +1 antimagic rapier
 F - a +1 dagger of speed
 J - a +2 rapier of electrocution (weapon)
Missiles
 e - 2 throwing nets (quivered)
Armour
 r - a +2 robe of positive energy
 K - a +2 robe of fire resistance (worn)
 M - a +2 cloak of invisibility (worn)
Jewellery
 p - an amulet of regeneration (around neck)
 q - an uncursed ring of fire
 y - a +3 ring of intelligence (left hand)
 I - an uncursed ring of positive energy
 N - a ring of poison resistance (right hand)
Wands
 g - a wand of lightning (5/15)
 z - a wand of confusion (10/48)
 H - a wand of confusion (30/48)
 L - a wand of digging (9/24)
Scrolls
 c - 8 scrolls of remove curse
 f - 3 scrolls of magic mapping
 h - 2 scrolls of amnesia
 o - a scroll of identify
 v - a scroll of fear
 C - 3 scrolls of blinking
 E - 4 scrolls of teleportation
Potions
 b - 3 potions of agility
 k - 4 potions of flight
 m - 3 potions of lignification
 n - 2 potions of magic
 s - 2 potions of might
 t - 3 potions of brilliance
 u - 2 potions of cancellation
 w - 9 potions of curing
 x - 3 potions of haste
 A - a potion of mutation
Books
 i - a book of Power

   Spells                             Type                      Level
   a - Iskenderun's Battlesphere      Conjuration/Charms           5
   b - Venom Bolt                     Conjuration/Poison           5
   c - Bolt of Magma                  Conjuration/Fire/Earth       5
   d - Iron Shot                      Conjuration/Earth            6
   e - Orb of Destruction             Conjuration                  7
   f - Spellforged Servitor           Conjuration/Summoning        7
 B - a book of Flames

   Spells                             Type                      Level
   a - Flame Tongue                   Conjuration/Fire             1
   b - Throw Flame                    Conjuration/Fire             2
   c - Conjure Flame                  Conjuration/Fire             3
   d - Inner Flame                    Hexes/Fire                   3
   e - Sticky Flame                   Conjuration/Fire             4
   f - Fireball                       Conjuration/Fire             5
   Dithmenos disapproves of the use of such an item.
 D - a book of Debilitation

   Spells                             Type                      Level
   a - Corona                         Hexes                        1
   b - Slow                           Hexes                        2
   c - Inner Flame                    Hexes/Fire                   3
   d - Portal Projectile              Hexes/Translocation          3
   e - Cause Fear                     Hexes                        4
   f - Leda's Liquefaction            Hexes/Earth                  4
Comestibles
 d - 5 bread rations
 G - 3 fruits


   Skills:
 - Level 5.3 Fighting
 - Level 7.3 Short Blades
 - Level 9.9 Dodging
 - Level 15.5 Stealth
 - Level 9.6 Spellcasting
 - Level 10.0 Hexes
 + Level 9.5 Evocations


You had 14 spell levels left.
You knew the following spells:

 Your Spells              Type           Power        Failure   Level  Hunger
a - Ensorcelled Hibernat  Hex/Ice        ####..       1%          2    None
b - Corona                Hex            ######.      1%          1    None
c - Confuse               Hex            ######..     1%          3    None
d - Tukima's Dance        Hex            ######..     1%          3    None
e - Dazzling Spray        Conj/Hex       ####..       2%          3    None
f - Cause Fear            Hex            ######....   1%          4    ##.....


Dungeon Overview and Level Annotations

Branches:
Dungeon (13/15)            Temple (1/1) D:4            Lair (0/6) D:10
    Orc (0/2) D:10
 Vaults: D:13-14

Altars:
Ashenzari
Cheibriados
Dithmenos
Elyvilon
Fedhas
Gozag
Hepliaklqana
Kikubaaqudgha
Makhleb
Nemelex Xobeh
Okawaru
Qazlal
Ru
Sif Muna
Trog
Uskayaw
Vehumet
Wu Jian
Xom
Yredelemnul
Zin
The Shining One
Beogh

Shops:
D:4 :[=!   D:9 =   D:10 (

Annotations:
D:13 Azrael


Innate Abilities, Weirdness & Mutations

You are very small and have problems with some larger weapons.
You are too small for most types of armour.
You have supernaturally acute eyesight. (SInv)
You are a herbivore.
You cover ground extremely quickly.
You need consume almost no food.


Message History

The hell hound bites you. The hell hound completely misses you.
The fire elemental misses you.
The howler monkey hoots and howls with incredible vigour!
Azrael wonders, "What am I doing in here?"
The howler monkey hoots and howls with incredible vigour!
The hell hound closely misses you.
The howler monkey completely misses you.
The hell hound breathes flames at you.
The blast of flame hits the howler monkey.
The blast of flame hits you! You resist.
* * * LOW HITPOINT WARNING * * *
Azrael seems less confused.
Azrael is no longer blind.
The howler monkey hoots and howls with incredible vigour!
As you read the scroll of teleportation, it crumbles to dust.
You feel strangely unstable.
The howler monkey hoots and howls with incredible vigour!
The howler monkey hoots and howls with incredible vigour!
Azrael gestures at you.
The sphere of damnation explodes!
The damnation engulfs you!
You die...

...# ...# ... ...# ...
...# .. ...# #####'##
#### #......# #......#
#......# #.@....#
.....V
###############......#
......
................h.####
#.....
.....<.........hE.#
#.....
.............hu.§h#
#(....
...............h§.#
#.....
................R§##
##.....
...#####+#.......§§#
.## #.<.... ...#
#.......§§# ...
#......


You could see Azrael, a cyan ugly thing, a fire elemental, 2 hell hounds and 3
howler monkeys.

Vanquished Creatures
  A hydra (D:12)
  Erolcha (D:13)
  A centaur warrior (D:12)
  2 two-headed ogres
  2 manticores
  Maurice (D:12)
  3 gargoyles
  Psyche (D:12)
  2 centaur skeletons (D:13)
  A kobold demonologist (D:12)
  The ghost of Leibowitz the Cutter, a novice KoFi of Okawaru (D:5)
  2 hornets (D:12)
  Prince Ribbit (D:9)
  A troll (D:12)
  Grinder (D:5)
  2 hippogriffs
  Sigmund (D:4)
  A shadow (D:12)
  A spriggan (shapeshifter) (D:13)
  12 yaks
  3 wyverns
  2 fire elementals (D:13)
  A steam dragon (D:12)
  Menkaure (D:7)
  Edmund (D:5)
  3 water moccasins
  The ghost of smzp the Firebug, an amateur OpFE (D:3)
  3 hell hounds
  3 phantoms
  3 orc warriors
  2 ice beasts
  A sky beast (D:13)
  2 black bears
  4 ogres
  An eye of draining (D:10)
  8 centaurs
  2 wolves (D:8)
  A crocodile (D:11)
  6 bullfrogs
  4 water moccasin zombies (Ossuary)
  6 scorpions
  3 howler monkeys
  7 crimson imps
  A centaur zombie (D:7)
  A quasit (D:11)
  Crazy Yiuf (D:2)
  3 bullfrog zombies
  2 hounds
  4 jellies
  6 orc priests
  2 bullfrog skeletons
  4 iguanas
  12 orc wizards
  11 worker ants
  4 big kobold zombies (Ossuary)
  A killer bee zombie (D:8)
  A hound zombie (D:8)
  3 mummies
  A worker ant zombie (D:5)
  3 gnolls (D:2)
  10 adders
  2 shadow imps
  An adder skeleton (D:4)
  7 adder zombies
  A dart slug (D:1)
  5 worms
  5 leopard geckos
  45 orcs
  8 goblins
  5 hobgoblins
  4 jackals (D:7)
  8 quokkas
  7 bats
  A frilled lizard (D:3)
  2 gnoll zombies (Ossuary)
  6 hobgoblin zombies
  A jackal zombie (D:7)
  5 kobolds
  5 kobold zombies (Ossuary)
  6 orc zombies
  A quokka skeleton (D:9)
  4 rats
305 creatures vanquished.

Vanquished Creatures (collateral kills)
  Grum (D:8)
  A wolf (D:8)
  An orc wizard (D:10)
  A gnoll (D:2)
  6 orcs (D:10)
10 creatures vanquished.

Vanquished Creatures (others)
  An orc warrior (D:10)
1 creature vanquished.

Grand Total: 316 creatures vanquished

Notes
Turn   | Place    | Note
-------+----------+-------------------------------------------
     0 | D:1      | Helio the Spriggan Enchanter began the quest for the Orb.
     0 | D:1      | Reached XP level 1. HP: 9/9 MP: 5/5
   476 | D:1      | Reached XP level 2. HP: 8/13 MP: 2/7
   480 | D:1      | Learned a level 2 spell: Ensorcelled Hibernation
  1252 | D:2      | Reached XP level 3. HP: 16/16 MP: 1/9
  1257 | D:2      | Learned a level 3 spell: Confuse
  1261 | D:2      | Learned a level 3 spell: Tukima's Dance
  1679 | D:2      | Found a runed door.
  2084 | D:2      | Reached XP level 4. HP: 16/21 MP: 3/11
  2241 | D:2      | Reached skill level 5 in Hexes
  2688 | D:2      | Noticed Crazy Yiuf
  2700 | D:2      | Killed Crazy Yiuf
  2994 | D:3      | Reached skill level 5 in Spellcasting
  3002 | D:3      | Noticed smzp's ghost (amateur OpFE)
  3026 | D:3      | Killed smzp's ghost
  3026 | D:3      | Reached XP level 5. HP: 22/24 MP: 2/14
  3146 | D:3      | Found a blossoming altar of Fedhas.
  3559 | D:3      | Reached XP level 6. HP: 28/28 MP: 10/15
  4180 | D:3      | Reached skill level 5 in Stealth
  4473 | D:4      | Found Nutu's Distillery.
  4479 | D:4      | Reached skill level 6 in Stealth
  4497 | D:4      | Bought a potion of degeneration for 14 gold pieces
  4497 | D:4      | Bought a potion of heal wounds for 70 gold pieces
  4681 | D:4      | Found Huloirchi's Jewellery Boutique.
  4694 | D:4      | Found Fusautost's Antique Armour Emporium.
  4699 | D:4      | Reached skill level 7 in Stealth
  4719 | D:4      | Noticed Sigmund
  4742 | D:4      | Killed Sigmund
  4742 | D:4      | Reached skill level 8 in Stealth
  4742 | D:4      | Reached XP level 7. HP: 27/32 MP: 1/16
  4805 | D:4      | Reached skill level 9 in Stealth
  5079 | D:4      | Found a staircase to the Ecumenical Temple.
  5090 | Temple   | Entered the Ecumenical Temple
  5264 | Temple   | Became a worshipper of Dithmenos the Shadowed
  5434 | D:4      | Found Nasodo's Book Shop.
  5466 | D:5      | Entered Level 5 of the Dungeon
  5495 | D:4      | Learned a level 3 spell: Dazzling Spray
  5512 | D:5      | Noticed Edmund
  5519 | D:5      | Killed Edmund
  5519 | D:5      | Reached skill level 10 in Stealth
  5560 | D:5      | Reached skill level 11 in Stealth
  5626 | D:5      | Found a sand-covered staircase.
  5639 | Ossuary  | Entered an ossuary
  5823 | Ossuary  | Reached XP level 8. HP: 17/36 MP: 11/17
  6022 | Ossuary  | Reached skill level 12 in Stealth
  6268 | Ossuary  | Reached * piety under Dithmenos
  6592 | D:5      | Noticed Grinder
  6617 | D:5      | Killed Grinder
  6617 | D:5      | Reached skill level 1 in Fighting
  6732 | D:5      | Found a sacrificial altar of Ru.
  6870 | D:5      | Reached skill level 13 in Stealth
  6971 | D:5      | Noticed Leibowitz's ghost (novice KoFi)
  6981 | D:5      | Killed Leibowitz's ghost
  6981 | D:5      | Reached skill level 5 in Dodging
  6981 | D:5      | Reached XP level 9. HP: 42/42 MP: 10/19
  7691 | D:6      | Found an ornate altar of the Wu Jian Council.
  7866 | D:6      | Learned a level 4 spell: Cause Fear
  7894 | D:6      | Reached ** piety under Dithmenos
  7979 | D:6      | Found a radiant altar of Vehumet.
  7980 | D:6      | Found an ancient bone altar of Kikubaaqudgha.
  7981 | D:6      | Found a deep blue altar of Sif Muna.
  7985 | D:6      | Identified Kikubaaqudgha's Almanac of Evil Magic
  8543 | D:7      | Noticed Menkaure
  8550 | D:7      | Killed Menkaure
  9709 | D:8      | Found a hide-covered altar of Uskayaw.
  9709 | D:8      | Found a burning altar of Makhleb.
  9774 | D:8      | Reached skill level 14 in Stealth
  9903 | D:8      | Reached XP level 10. HP: 49/49 MP: 22/22
 10102 | D:9      | Noticed Grum
 10110 | D:8      | Reached *** piety under Dithmenos
 10213 | D:8      | Killed Grum
 10658 | D:9      | Found Ceiv's Jewellery Shoppe.
 10695 | D:9      | Noticed Prince Ribbit
 10710 | D:9      | Killed Prince Ribbit
 10710 | D:9      | Reached skill level 5 in Short Blades
 11754 | D:9      | Noticed a two-headed ogre
 11776 | D:9      | Killed a two-headed ogre
 11787 | D:10     | Entered Level 10 of the Dungeon
 11886 | D:10     | Found a staircase to the Lair.
 12038 | D:10     | Found Fetivukk's Antique Weapon Emporium.
 12049 | D:10     | Noticed a gargoyle
 12074 | D:10     | Killed a gargoyle
 12222 | D:10     | Reached **** piety under Dithmenos
 12413 | D:10     | Found a roughly hewn altar of Beogh.
 12873 | D:10     | Reached XP level 11. HP: 53/53 MP: 24/24
 12993 | D:10     | Reached skill level 15 in Stealth
 13033 | D:10     | Found a staircase to the Orcish Mines.
 13769 | D:10     | Bought a runed rapier for 217 gold pieces
 14515 | D:11     | Reached ***** piety under Dithmenos
 14923 | D:12     | Reached skill level 5 in Fighting
 15064 | D:12     | Noticed Psyche
 15066 | D:12     | Killed Psyche
 15066 | D:12     | Reached skill level 10 in Hexes
 15179 | D:12     | Noticed Maurice
 15182 | D:12     | Killed Maurice
 15227 | D:12     | Reached skill level 1 in Evocations
 15241 | D:12     | Noticed a two-headed ogre
 15247 | D:12     | Killed a two-headed ogre
 15402 | D:12     | Noticed a sun demon
 15477 | D:12     | Reached skill level 5 in Evocations
 15481 | D:12     | Noticed a centaur warrior
 15483 | D:12     | Killed a centaur warrior
 15518 | D:12     | Noticed a four-headed hydra
 15537 | D:12     | Killed a four-headed hydra
 15735 | D:13     | Reached XP level 12. HP: 60/60 MP: 26/26
 15841 | D:13     | Noticed Azrael
 16007 | D:13     | Noticed Erolcha
 16011 | D:13     | Killed Erolcha
 16174 | D:13     | Killed from afar by Azrael

Vault maps used:
D:1:      moated_graveyard_arrival
D:2:      uniq_crazy_yiuf_cottage
D:3:      old_standard_altar, first_bread
D:4:      minmay_temple_entry_glassed_door, serial_shops, shop, shop,
          shop_fountains, shop, kennysheep_diamond, uniq_sigmund
D:5:      nicolae_ossuary_entry_giza, nicolae_ru_the_path_less_chosen,
          uniq_grinder, uniq_edmund
D:6:      grunt_temple_overflow_magic_moments, basic_altar
D:7:      hex_tiny, uniq_menkaure
D:8:      gammafunk_temple_overflow_pools
D:9:      serial_shops, nicolae_shop_waterfront, serial_aquarium,
          aquarium_bridge_straight, aquarium_bridge_square, aquarium_window_3,
          aquarium_window_fake, aquarium_view_2b, aquarium_view_2f,
          aquarium_balcony_3b, uniq_prince_ribbit1, uniq_grum
D:10:     minmay_lair_entry_lava, david_orc_5, serial_shops,
          nicolae_shop_statue_plus
D:12:     uniq_maurice, uniq_psyche
D:13:     grunt_vaults_entry_tiered, uniq_azrael, uniq_erolcha
Temple:   regret_index_temple_sphere_string
Ossuary:  ossuary_tomb_2

Skill      XL: |  1  2  3  4  5  6  7  8  9 10 11 12 |
---------------+-------------------------------------+-----
Hexes          | 4 6 8 9 10 | 10.0
Spellcasting   | 3 4 5 6 7 8 9 |  9.6
Stealth        | 8 11 13 14 15 | 15.5
Fighting       | 1 3 4 5 |  5.3
Short Blades   | 3 4 6 7 |  7.3
Dodging        | 5 6 8 9 |  9.9
Evocations     | 7 9 |  9.5

Action                   |  1- 3 |  4- 6 |  7- 9 | 10-12 || total
-------------------------+-------+-------+-------+-------++-------
Melee: Dagger            |    97 |   101 |   474 |   318 ||   990
       Rapier            |       |       |       |   160 ||   160
 Cast: Corona            |     9 |       |       |       ||     9
       Ensorcelled Hiber |    19 |    30 |    42 |    36 ||   127
       Confuse           |       |    11 |    38 |    49 ||    98
       Tukima's Dance    |       |     2 |       |     9 ||    11
       Dazzling Spray    |       |       |     9 |    12 ||    21
Invok: Shadow Step       |       |       |       |     1 ||     1
 Abil: Evoke Invisibilit |       |       |       |     1 ||     1
Evoke: Wand              |       |       |     4 |     5 ||     9
  Use: Scroll            |       |     6 |    19 |     5 ||    30
       Potion            |       |       |     3 |     1 ||     4
 Stab: Sleeping          |    14 |    21 |    52 |    62 ||   149
       Confused          |       |     5 |    30 |    28 ||    63
       Invisible         |       |       |     3 |    13 ||    16
       Distracted        |       |       |       |     4 ||     4
  Eat: Fruit             |       |     3 |     5 |       ||     8
       Royal jelly       |       |       |     2 |     4 ||     6
Armor: Robe              |    11 |     4 |    50 |    29 ||    94
Dodge: Dodged            |    74 |    55 |   338 |   376 ||   843
